 Dungeon Crawl Stone Soup version 0.27.1-37-g7b29ead8ac (webtiles) character file.

Game seed: 3869870663929314166

1779 tukaar the Summoner (level 9, -3/57 (61) HPs)
             Began as a Barachi Summoner on Oct 1, 2023.
             Was a Follower of Uskayaw.
             Slain by a wight (7 damage)
             ... on level 7 of the Dungeon on Oct 13, 2023.
             The game lasted 01:24:48 (11528 turns).

tukaar the Summoner (Barachi Summoner)             Turns: 11528, Time: 01:24:48

HP:   -3/57 (61)    AC:  3    Str: 10    XL:     9   Next: 8%
MP:   17/20         EV: 12    Int: 25    God:    Uskayaw [*.....]
Gold: 333           SH:  0    Dex: 13    Spells: 10/23 levels left

rFire    + . .     SeeInvis +   e - +9 halberd of the Extremes {flame, rPois Int+7}
rCold    . . .     Faith    .   (shield currently unavailable)
rNeg     . . .     Spirit   .   w - +0 leather armour {rF+}
rPois    +         Reflect  .   (no helmet)
rElec    .         Harm     .   C - scarf {shadows}
rCorr    .         Rampage  .   (no gloves)
Will     .....                  (no boots)
Stlth    ++........             (no amulet)
HPRegen  0.19/turn              A - ring of see invisible
MPRegen  0.17/turn              (no ring)

@: drained, slow
A: amphibious, slowness 1, strong legs 1, +LOS
a: Hop, Renounce Religion, Stomp


You were on level 7 of the Dungeon.
You worshipped Uskayaw.
Uskayaw was noncommittal.
You visited 1 branch of the dungeon, and saw 8 of its levels.

You collected 364 gold pieces.
You spent 31 gold pieces at shops.

Inventory:

Hand Weapons
 c - a +1 hunting sling
 e - the +9 halberd of the Extremes (weapon) {flame, rPois Int+7}
   (You found it on level 4 of the Dungeon)

   It burns those it strikes, dealing additional fire damage.
   Big, fiery blades are also staple armaments of hydra-hunters.
   Int:       It affects your intelligence (+7).
   rPois:     It protects you from poison.
 g - a +0 scythe
 t - a +3 quarterstaff of chaos
 z - a +1 vorpal flail
 B - a +0 whip
 F - a +2 trident of venom
 G - a +0 short sword
Missiles
 d - 42 sling bullets
 j - 10 boomerangs
 p - 64 bolts
Armour
 a - a +0 robe
 q - a +0 scale mail of fire resistance
 u - a +0 cloak
 w - a +0 leather armour of fire resistance (worn)
 C - a scarf of shadows (worn)
Magical Staves
 m - a staff of cold
Jewellery
 A - a ring of see invisible (left hand)
Wands
 y - a wand of charming (7)
 D - a wand of flame (27)
Scrolls
 i - a scroll of noise {unknown}
 k - 6 scrolls of fear {unknown}
 l - a scroll of magic mapping {unknown}
 n - 5 scrolls of identify {unknown}
 o - 4 scrolls of teleportation {unknown}
 r - 3 scrolls of enchant armour {unknown}
 x - a scroll of vulnerability {unknown}
Potions
 b - a potion of degeneration {unknown}
 f - 2 potions of heal wounds {unknown}
 h - a potion of lignification {unknown}
 s - a potion of might {unknown}
 v - 2 potions of haste {unknown}
 E - a potion of curing {unknown}
 H - a potion of brilliance {unknown}
 I - 2 potions of invisibility {unknown}


   Skills:
 + Level 1.8 Fighting
 - Level 2.5 Polearms
 - Level 2.0 Slings
 - Level 1.8 Armour
 - Level 4.0 Dodging
 - Level 1.7 Stealth
 + Level 7.6 Spellcasting
 - Level 0.1 Hexes
 + Level 9.4 Summonings


You had 10 spell levels left.
You knew the following spells:

 Your Spells              Type           Power      Damage    Failure   Level
a - Summon Small Mammal   Summ           100%       N/A       1%          1
b - Call Imp              Summ           54%        N/A       1%          2
c - Call Canine Familiar  Summ           54%        N/A       1%          3
d - Summon Guardian Gole  Hex/Summ       33%        N/A       3%          3
e - Summon Lightning Spi  Summ/Air       33%        N/A       12%         4

Your spell library contained the following spells:

 Spells                   Type           Power      Damage    Failure   Level
 Foxfire                  Conj/Fire      36%        2x1d5     9%          1
 Shock                    Conj/Air       36%        1d5       9%          1
 Searing Ray              Conj           18%        3d3       13%         2
 Ignite Poison            Fire/Tmut/Pois 9%         N/A       26%         3
 Swiftness                Air            9%         N/A       26%         3
 Airstrike                Air            4%         N/A       63%         4
 Conjure Ball Lightning   Conj/Air       4%         3x3d6     100%        6
 Starburst                Conj/Fire      4%         6d4       100%        6


Dungeon Overview and Level Annotations

Branches:
Dungeon (8/15)             Temple (0/1) D:6
   Lair: D:8-11

Altars:
Cheibriados
Fedhas
Hepliaklqana
Uskayaw
Wu Jian

Shops:
D:1 (:*[   D:2 [*(   D:5 (


Innate Abilities, Weirdness & Mutations

You are amphibious.
You cover ground slowly.
You can hop short distances.
You have an extended range of vision and can be seen from far away.


Message History

The bullfrog zombie hits your wolf but does no damage.
Your wolf completely misses the bullfrog zombie.
The bullfrog zombie hits your wolf.
Your wolf bites the bullfrog zombie.
Your wolf bites the bullfrog zombie.
The bullfrog zombie hits your wolf.
Your wolf bites the bullfrog zombie.
The bullfrog zombie closely misses your wolf.
Your wolf bites the bullfrog zombie!
The bullfrog zombie is destroyed!
You swap places.
I - 2 green potions Done exploring.
Done exploring.
Done exploring.
There is a shaft here.
Your wolf scratches its ear.
There is a stone staircase leading down here.
There is a stone staircase leading down here.
You can't go up here!
You climb downwards.
Your summoned ally is left behind.
There is a stone staircase leading up here.
The wight hits you with a +4 war axe of freezing.
The wight freezes you.
The wight hits you from afar with a +4 halberd!
You feel drained.
You climb upwards.
Your wolf disappears in a puff of smoke!
There is a stone staircase leading down here.
Casting: Call Canine Familiar (safe; 1% risk of failure)
Confirm with . or Enter, or press ? or * to list all spells.
The wight hits you with a +4 war axe of freezing!
The wight freezes you. The wight barely misses your wolf.
You slash the wight! You burn the wight.
The wight is almost destroyed.
Your wolf bites the wight but does no damage.
The wight hits you with a +4 war axe of freezing!
* * * LOW HITPOINT WARNING * * *
You feel drained.
* * * LOW HITPOINT WARNING * * *
The wight freezes you!
You die...

# #.# #.# # #.#
#.# # #.# #.# #
#.#### #.# #
#.<>.# #.# #
####.# #.# # #.#
#.# # #.#### #.#
# #@.h.# #.# #
####### #§z#.#
#.#
#.....#######...#
#.#
#.###..........##
#.# #.#
#########..# #.#
#.# #..# #.# #.#
#..# #.# #.# #..#
#.# ### #.# #..#
#.#


You could see a wight (ally target) and a friendly wolf (summoned).

Vanquished Creatures
  A necrophage (D:4)
  A water moccasin skeleton (D:5)
  Crazy Yiuf (D:3)
  An adder (D:3)
  An ufetubus (D:7)
  5 orcs
  2 bats
  An endoplasm (D:1)
  2 giant cockroaches (D:1)
  2 goblins
  2 hobgoblins
  A jackal (D:2)
  4 ball pythons
  A frilled lizard (D:3)
  4 kobolds
  3 rats
32 creatures vanquished.

Vanquished Creatures (collateral kills)
  The ghost of Sapher the Skirmisher, an amateur MiFi (D:7)
  Grinder (D:5)
  Sigmund (D:3)
  A shadow (D:6)
  A sky beast (D:7)
  An ice beast (D:6)
  2 black bears (D:5)
  2 ogres
  A centaur (D:6)
  A phantom (D:7)
  A water moccasin zombie (D:5)
  2 bullfrog zombies
  3 hounds
  3 jellies (D:6)
  A centaur skeleton (D:7)
  A gnoll shaman (D:3)
  An orc priest (D:7)
  3 iguanas
  Terence (D:3)
  A killer bee zombie (D:5)
  5 gnolls
  4 adders
  A howler monkey skeleton (D:7)
  A white imp (D:7)
  An adder skeleton (D:4)
  2 dart slugs
  4 worms
  16 orcs
  2 bats
  11 endoplasms
  3 giant cockroaches
  6 goblins
  6 hobgoblins
  3 jackals (D:2)
  4 quokkas
  2 ball pythons (D:1)
  A frilled lizard (D:1)
  11 kobolds
  6 rats
118 creatures vanquished.

Vanquished Creatures (others)
  A steam dragon (D:6)
  An orc warrior (D:7)
  2 kobold brigands
  An iguana (D:5)
  4 kobolds (D:7)
  3 fungi (D:3)
  3 plants (D:2)
15 creatures vanquished.

Grand Total: 165 creatures vanquished

Notes
Turn   | Place    | Note
-------+----------+-------------------------------------------
     0 | D:1      | tukaar the Barachi Summoner began the quest for the Orb.
     0 | D:1      | Reached XP level 1. HP: 13/13 MP: 3/3
    72 | D:1      | Reached skill level 5 in Summonings
   530 | D:1      | Found Ukeotud's General Store.
   743 | D:1      | Reached XP level 2. HP: 19/19 MP: 0/5
   748 | D:1      | Learned a level 2 spell: Call Imp
   892 | D:1      | Found Ugren's Armour Shop.
  1208 | D:1      | Found a faded altar of an unknown god.
  1217 | D:1      | Became a worshipper of Uskayaw the Reveller
  1217 | D:1      | Reached * piety under Uskayaw
  1604 | D:1      | Found Hosaumi's Antique Weapon Shoppe.
  1746 | D:1      | Found Negi Nom's Book Emporium.
  1832 | D:1      | Reached XP level 3. HP: 24/24 MP: 4/7
  2013 | D:1      | Found Zofom's Antique Weapon Emporium.
  2591 | D:2      | Found Dysor's Weapon Boutique.
  2717 | D:2      | Found Jioxy's Assorted Antiques.
  2742 | D:2      | Bought a hunting sling for 31 gold pieces
  2783 | D:2      | Learned a level 3 spell: Call Canine Familiar
  3216 | D:2      | Reached ** piety under Uskayaw
  3943 | D:2      | Found Kecaewuq's Antique Armour Shoppe.
  4006 | D:2      | Reached XP level 4. HP: 30/30 MP: 4/8
  4151 | D:3      | Reached skill level 1 in Slings
  4161 | D:3      | Reached skill level 6 in Summonings
  4645 | D:3      | Noticed Sigmund
  4870 | D:3      | Killed Sigmund
  4871 | D:3      | Reached XP level 5. HP: 24/36 MP: 0/11
  5549 | D:3      | Reached skill level 1 in Fighting
  5794 | D:3      | Found a runed translucent door.
  5795 | D:3      | Noticed Crazy Yiuf
  5861 | D:3      | Noticed Terence
  5876 | D:3      | Killed Terence
  5877 | D:3      | Reached XP level 6. HP: 43/43 MP: 4/12
  5993 | D:3      | Killed Crazy Yiuf
  6610 | D:4      | Learned a level 3 spell: Summon Guardian Golem
  6647 | D:4      | Identified the +9 halberd of the Extremes {flame, rPois
                  | Int+7}
  7104 | D:4      | Noticed a necrophage
  7116 | D:4      | Killed a necrophage
  7342 | D:4      | Reached skill level 5 in Spellcasting
  7445 | D:5      | Entered Level 5 of the Dungeon
  7445 | D:5      | Noticed a black bear
  7461 | D:5      | Killed a black bear
  7462 | D:5      | Reached XP level 7. HP: 48/48 MP: 3/14
  7467 | D:5      | Reached skill level 7 in Summonings
  7516 | D:5      | Reached skill level 1 in Polearms
  7625 | D:5      | Reached skill level 1 in Armour
  7700 | D:5      | Noticed Grinder
  7705 | D:5      | Paralysed by Grinder for 4 turns
  7718 | D:5      | Paralysed by Grinder for 6 turns
  8011 | D:5      | Killed Grinder
  8112 | D:5      | Found Egolismo's Antique Weapon Shoppe.
  8172 | D:5      | Reached XP level 8. HP: 54/54 MP: 10/16
  8928 | D:6      | Found a staircase to the Ecumenical Temple.
  9178 | D:6      | Noticed a shadow
  9188 | D:6      | Killed a shadow
  9241 | D:6      | Reached skill level 8 in Summonings
  9919 | D:6      | Learned a level 4 spell: Summon Lightning Spire
 10251 | D:7      | Found a hide-covered altar of Uskayaw.
 10497 | D:7      | Found a hazy altar of Hepliaklqana.
 10498 | D:7      | Found an ornate altar of the Wu Jian Council.
 10499 | D:7      | Found a blossoming altar of Fedhas.
 10499 | D:7      | Found a snail-covered altar of Cheibriados.
 10531 | D:7      | Got the Reference Book on Poisonous Battle Magic
 10639 | D:7      | Reached skill level 9 in Summonings
 10872 | D:7      | Found a runed translucent door.
 10872 | D:7      | Noticed Sapher's ghost (amateur MiFi)
 10887 | D:7      | Killed Sapher's ghost
 10888 | D:7      | Reached XP level 9. HP: 8/61 MP: 12/20
 11528 | D:7      | Slain by a wight

Illustrated notes

Levels and vault maps discovered:
D:1:      minmay_arrival_up_and_down, layout_basic,
          shapermc_ecumenical_altar_mp_highgroup, serial_shops, shop,
          nicolae_shop_trees, nicolae_shop_window_shopping, shop,
          nicolae_lakefront_shop, hangedman_decor_lopped
D:2:      layout_basic, serial_shops, shop, nicolae_shop_waterfront,
          nicolae_shop_overgrown_old_shop
D:3:      layout_basic, uniq_sigmund, uniq_terence, uniq_crazy_yiuf_cottage
D:4:      layout_gridville
D:5:      layout_cave_pools, serial_shops, nicolae_shop_trees,
          cheibrodos_sewer_entry_bend, cheibrodos_gnoll_hut, uniq_grinder
D:6:      layout_loops_corners, minmay_temple_entry_arrows
D:7:      layout_loops_ring, mainiacjoe_overflow_concentric_impassable,
          mainiacjoe_overflow_alcove_3, gammafunk_ghost_grave
D:8:      layout_cave_pools, mainiacjoe_overflow_swirl, lair_entry_dummy,
          hangedman_abyss_or_decor_clamps, uniq_maurice

Skill      XL: |  1  2  3  4  5  6  7  8 |
---------------+-------------------------+-----
Summonings     | 5 6 7 9 |  9.4
Spellcasting   | 3 4 5 7 |  7.6
Slings         | 1 2 |  2.0
Fighting       | 1 |  1.8
Polearms       | 2 |  2.5
Armour         | 1 |  1.8
Dodging        | 3 4 |  4.0
Stealth        | |  1.7
Hexes          | |  0.1

Action                   |  1- 3 |  4- 6 |  7- 9 || total
-------------------------+-------+-------+-------++-------
Melee: Staff             |       |     3 |       ||     3
       Halberd           |       |     5 |    25 ||    30
 Fire: Hunting sling     |    21 |    26 |       ||    47
Throw: Dart              |    31 |       |       ||    31
 Cast: Summon Small Mamm |    31 |       |       ||    31
       Call Imp          |    36 |    42 |    50 ||   128
       Call Canine Famil |     1 |    19 |    22 ||    42
       Summon Guardian G |       |     1 |     9 ||    10
 Abil: Hop               |     4 |     2 |       ||     6
  Use: Scroll            |       |     2 |       ||     2
       Potion            |       |     1 |       ||     1
Armor: Robe              |     5 |     5 |       ||    10
       Leather armour    |       |       |    14 ||    14
Dodge: Dodged            |    28 |    38 |    28 ||    94
